 Dungeon Crawl Stone Soup version 0.18.1-1-g2f07953 (webtiles) character file.

217 M4edhros the Insei (level 5, -4/31 HPs)
             Began as an Octopode Necromancer on May 6, 2016.
             Slain by a wyvern zombie (15 damage)
             ... in an ossuary.
             The game lasted 00:05:57 (830 turns).

M4edhros the Insei (Octopode Necromancer)            Turns: 830, Time: 00:05:57

Health: -4/31      AC:  1    Str:  7    XL:     5   Next: 94%
Magic:  8/8        EV: 12    Int: 18    God:
Gold:   53         SH:  0    Dex: 13    Spells: 3 memorised, 3 levels left

rFire  . . .     SeeInvis .       - Unarmed
rCold  . . .     Gourm    .     (no shield)
rNeg   . . .     Faith    .     (helmet restricted)
rPois  .         Spirit   .     (no amulet)
rElec  .         Dismiss  .     (no ring)
rCorr  .         Reflect  .     (no ring)
SustAt .         Harm     .     (no ring)
MR     .....                    (no ring)
Stlth  +++.......               (no ring)
                                (no ring)
                                (no ring)
                                (no ring)

@: very slightly contaminated, regenerating (expiring), not resistant to hostile
enchantments, fairly stealthy
A: almost no armour, amphibious, 8 rings, constrict 8, camouflage 1, gelatinous
body 1
a: no special abilities


You were in an ossuary.
You were not hungry.

You visited 1 branch of the dungeon, and saw 4 of its levels.
You also visited: Ossuary.

You collected 53 gold pieces.

Inventory:

Hand Weapons
 e - a +1 dagger of speed
Missiles
 j - a throwing net (quivered)
Wands
 g - a wand of confusion (26/48)
Books
 a - a book of Necromancy

   Spells                             Type                      Level
   a - Pain                           Necromancy                   1
   b - Animate Skeleton               Necromancy                   1
   c - Vampiric Draining              Necromancy                   3
   d - Regeneration                   Charms/Necromancy            3
   e - Animate Dead                   Necromancy                   4
   f - Control Undead                 Necromancy                   4
Comestibles
 b - 2 bread rations
 f - 3 chunks of flesh


   Skills:
 - Level 2.0 Dodging
 - Level 2.6 Stealth
 + Level 5.5 Unarmed Combat
 - Level 2.0 Spellcasting
 - Level 4.0 Necromancy


You had 3 spell levels left.
You knew the following spells:

 Your Spells              Type           Power        Failure   Level  Hunger
a - Pain                  Necr           ###.         3%          1    #......
b - Animate Skeleton      Necr           N/A          3%          1    #......
r - Regeneration          Chrm/Necr      #.........   24%         3    ###....


Dungeon Overview and Level Annotations

Branches:
Dungeon (4/15)
 Temple: D:4-7

Altars:
Nemelex Xobeh
Qazlal

Annotations:
D:4 Eustachio


Innate Abilities, Weirdness & Mutations

You cannot wear most types of armour.
You are amphibious.
You can wear up to eight rings at the same time.
You can use your tentacles to constrict eight enemies at once.
Your skin changes colour to match your surroundings (Stealth).
Your rubbery body absorbs attacks (AC +1).


Message History

You constrict the giant frog zombie. The giant frog zombie hits you.
You bludgeon the giant frog zombie! You squeeze the giant frog zombie.
You constrict the giant frog zombie. The giant frog zombie hits you!
The giant frog zombie hits you.
* * * LOW HITPOINT WARNING * * *
You tentacle-slap the giant frog zombie.
You constrict the giant frog zombie.
The giant frog zombie closely misses you.
Drink which item? (? for menu, Esc to quit)
It was a potion of magic.
Magic courses through your body.
Your skin is crawling a little less now.
You constrict the giant frog zombie.
You destroy the giant frog zombie!
Evoke which item? (* to show all) (? for menu, Esc to quit)
Zapping:
g - a wand of confusion (27/48)
Press: ? - help, Shift-Dir - straight line, f - wyvern zombie
Aim: a wyvern zombie (chance to defeat MR: 58%)
The wyvern zombie resists with significant effort.
This wand has 26 charges left.
The wyvern zombie bites you!
You die...

## ≈n
.#+## .≈≈
#
#####.#≈#
#..@#n..#
#.∩.ZZZ#≈#
#∩..#≈..#
#####.###
+.' #Z##
#Z' +.# .'


You could see a wyvern zombie, a worker ant zombie and a howler monkey zombie.

Vanquished Creatures
  A giant frog zombie (Ossuary)
  An orc priest (D:3)
  An orc wizard (D:3)
  Natasha (D:3)
  2 worker ants (D:4)
  A mummy (Ossuary)
  An adder (D:3)
  2 worms
  A dart slug (D:1)
  3 orcs
  A giant cockroach (D:2)
  3 hobgoblins (D:3)
  2 kobolds
  2 quokkas
  3 bats
  A giant cockroach zombie (Ossuary)
  A giant gecko skeleton (D:4)
  A giant newt (D:4)
  4 goblins
  A rat (D:1)
33 creatures vanquished.

Vanquished Creatures (collateral kills)
  An orc (D:3)
  A hobgoblin (D:3)
  A rat (D:3)
3 creatures vanquished.

Vanquished Creatures (others)
  A withered plant (Ossuary)
1 creature vanquished.

Grand Total: 37 creatures vanquished

Notes
Turn   | Place    | Note
--------------------------------------------------------------
     0 | D:1      | M4edhros the Octopode Necromancer began the quest for the Orb.
     0 | D:1      | Reached XP level 1. HP: 11/11 MP: 3/3
    28 | D:1      | Reached skill level 1 in Unarmed Combat
   127 | D:1      | Reached XP level 2. HP: 13/17 MP: 5/5
   242 | D:3      | Reached skill level 2 in Unarmed Combat
   269 | D:3      | Reached skill level 3 in Unarmed Combat
   269 | D:3      | Reached XP level 3. HP: 13/21 MP: 3/6
   274 | D:3      | Learned a level 3 spell: Regeneration
   276 | D:3      | Learned a level 1 spell: Animate Skeleton
   295 | D:3      | Reached XP level 4. HP: 10/27 MP: 2/7
   345 | D:3      | Reached skill level 4 in Unarmed Combat
   409 | D:3      | Noticed Natasha
   458 | D:3      | Killed Natasha
   458 | D:3      | Reached XP level 5. HP: 31/31 MP: 2/8
   465 | D:3      | Found a sparkling altar of Nemelex Xobeh.
   466 | D:3      | Found a stormy altar of Qazlal.
   622 | D:4      | Reached skill level 5 in Unarmed Combat
   743 | D:4      | Noticed a phantom
   766 | D:4      | Noticed Eustachio
   776 | D:4      | Found a sand-covered staircase.
   783 | Ossuary  | Entered an ossuary
   830 | Ossuary  | Slain by a wyvern zombie

Skill      XL: |  1  2  3  4  5 |
---------------+----------------+-----
Unarmed Combat | 1 3 4 5 |  5.5
Dodging        | |  2.0
Stealth        | |  2.6
Spellcasting   | |  2.0
Necromancy     | |  4.0

Action                   |  1- 3 |  4- 6 || total
-------------------------+-------+-------++-------
Melee: Unarmed           |    35 |    74 ||   109
       Constrict         |     8 |    16 ||    24
       Tentacles         |     6 |    11 ||    17
       Punch             |       |     1 ||     1
 Cast: Pain              |     6 |     5 ||    11
       Regeneration      |     1 |     7 ||     8
       Animate Skeleton  |     1 |     6 ||     7
Evoke: Wand              |       |     5 ||     5
  Use: Potion            |       |     4 ||     4
       Scroll            |       |     3 ||     3
 Stab: Sleeping          |     4 |     2 ||     6
  Eat: Chunk             |       |     2 ||     2
Armor: Skin              |     7 |     7 ||    14
Dodge: Dodged            |    31 |    36 ||    67
